 Dungeon Crawl Stone Soup version 0.29-a0-210-g9445043ebc (webtiles) character file.

Game seed: 6981241181178461969

37 HotDog the Skirmisher (level 3, 0/30 HPs)
             Began as a Merfolk Fighter on Feb 24, 2022.
             Slain by an ogre
             ... wielding a +0 giant club
              (5 damage)
             ... on level 2 of the Dungeon.
             The game lasted 00:01:42 (811 turns).

HotDog the Skirmisher (Merfolk Fighter)              Turns: 811, Time: 00:01:43

Health: 0/30       AC:  7    Str: 18    XL:     3   Next: 39%
Magic:  3/3        EV:  9    Int:  7    God:
Gold:   80         SH:  4    Dex: 13    Spells: 2/2 levels left

rFire   . . .      SeeInvis .   a - +0 trident
rCold   . . .      Faith    .   c - +0 buckler
rNeg    . . .      Spirit   .   b - +0 scale mail
rPois   .          Reflect  .   (no helmet)
rElec   .          Harm     .   (no cloak)
rCorr   .          Rampage  .   f - +0 pair of gloves
Will    .....                   (no boots)
Stlth   ..........              (no amulet)
HPRegen 0.10/turn               (no ring)
MPRegen 0.08/turn               (no ring)

@: no status effects
A: (nimble swimmer 2), mertail
a: no special abilities


You were on level 2 of the Dungeon.
You visited 1 branch of the dungeon, and saw 2 of its levels.

You collected 80 gold pieces.

Inventory:

Hand Weapons
 a - a +0 trident (weapon)
Armour
 b - a +0 scale mail (worn)
 c - a +0 buckler (worn)
 f - a +0 pair of gloves (worn)
Jewellery
 e - a ring of flight
Scrolls
 h - a scroll of holy word {unknown}
Potions
 d - a potion of might
 g - a potion of mutation {unknown}
 i - a potion of heal wounds {unknown}


   Skills:
 * Level 3.7 Fighting
 * Level 3.4 Polearms
 - Level 2.2 Armour
 * Level 0.7 Dodging
 * Level 3.3 Shields
 * Level 1.0 Invocations


You had 2 spell levels left.
You didn't know any spells.
Your spell library contained the following spells:

 Spells                   Type           Power      Damage    Failure   Level
 Portal Projectile        Hex/Tloc       0%         N/A       99%         3
 Blade Hands              Tmut           0%         N/A       100%        5
 Excruciating Wounds      Necr           0%         N/A       100%        5


Dungeon Overview and Level Annotations

Branches:
Dungeon (2/15)

Altars:


Innate Abilities, Weirdness & Mutations

((You are very nimble when in or above water. (Stealth+, EV+, Speed+++)))
Your lower body shifts to a powerful aquatic tail in water.


Message History

No target in view!
No target in view!
No target in view!
You now have 80 gold pieces (gained 13).
Found a book of Weapons.
Things that are here:
a +0 dagger; a goblin corpse You pick up a book of Weapons and begin reading...
You add the spells Portal Projectile, Excruciating Wounds and Blade Hands to your library.
There is an open door here.
An ogre comes into view. It is wielding a +0 giant club.
The ogre shouts!
An ogre is nearby!
You reach to attack!
You hit the ogre but do no damage. The ogre hits you with a +0 giant club!
Ouch! That really hurt!
You are too injured to fight recklessly!
There is an open door here.
Things that are here:
a +0 dagger; a goblin corpse
There is an open door here.
The ogre barely misses you. The ogre hits you with a +0 giant club!
Ouch! That really hurt!
* * * LOW HITPOINT WARNING * * *
You see here an adder corpse.
The ogre barely misses you.
You open the door.
There is an open door here.
The ogre barely misses you.
There is a stone staircase leading down here.
The ogre misses you. The ogre completely misses you.
You see here an adder corpse.
There is an open door here.
The ogre hits you with a +0 giant club!
* * * LOW HITPOINT WARNING * * *
There is a stone staircase leading down here.
You open the door. The ogre hits you with a +0 giant club.
You die...

## .# .. .# .# ### .#
###♣_♣#########'##
###P...[.P##....@..#
.#P..P≈P..P#....O>)+
.##..≈≈P..##.......##############
.###P...P##......................
.# ###.###.............#..#####.
.# #P##..#.........###.#......#
.###...P#..........+......###.#
.##.P####÷.........###.######.#
'##..#.....................##.#


You could see an ogre.

Vanquished Creatures
  2 adders (D:2)
  A worm (D:2)
  2 bats
  An endoplasm (D:2)
  4 goblins
  2 kobolds
  A quokka (D:1)
  4 rats
17 creatures vanquished.

Vanquished Creatures (others)
  A plant (D:2)
1 creature vanquished.

Grand Total: 18 creatures vanquished

Notes
Turn   | Place    | Note
-------+----------+-------------------------------------------
     0 | D:1      | HotDog the Merfolk Fighter began the quest for the Orb.
     0 | D:1      | Reached XP level 1. HP: 18/18 MP: 1/1
    74 | D:1      | Reached XP level 2. HP: 24/24 MP: 2/2
   108 | D:1      | You fall into a shaft and drop 1 floor!
   401 | D:2      | Reached skill level 1 in Invocations
   401 | D:2      | Reached XP level 3. HP: 29/29 MP: 3/3
   608 | D:2      | Found a faded altar of an unknown god.
   662 | D:2      | Noticed an ogre
   811 | D:2      | Slain by an ogre

Illustrated notes

Levels and vault maps discovered:
D:1:      amcnicky_arrival_underground_garden, layout_loops_ring, minmay_3d_cube
D:2:      layout_basic, dreamdust_ecumenical_altar_hidden_monk_grotto,
          chequers_jeans

Skill      XL: |  1  2 |
---------------+-------+-----
Polearms       | 3 |  3.4
Invocations    | 1 |  1.0
Fighting       | |  3.7
Armour         | |  2.2
Dodging        | |  0.7
Shields        | |  3.3

Action                   || total
-------------------------++-------
Melee: Trident           ||    51
Armor: Scale mail        ||    28
Dodge: Dodged            ||    25
Block: Buckler           ||     9

Table legend: (Time is in decaauts)
 A = Elapsed time spent in this place.
 B = Non-inter-level travel time spent in this place.
 C = Inter-level travel time spent in this place.
 D = Time resting spent in this place.
 E = Time spent auto-exploring this place.
 F = Levels seen in this place.
 G = Mean time per level.
                   A        B        C        D        E       F      G
               +--------+--------+--------+--------+--------+-----+--------+
         Total |    820 |    820 |      0 |      0 |    546 |   2 |  410.0 |
       Dungeon |    820 |    820 |      0 |      0 |    546 |   2 |  410.0 |
               +--------+--------+--------+--------+--------+-----+--------+

Top non-repeatable levels by time:
     D:2: 709 daAuts
     D:1: 110 daAuts
